Map: [ESL] Hard Lead

Players

Krystianer

  • Race: Protoss Protoss
  • Spawn Location: 11:00

MaxPax - Winner!

  • Race: Protoss Protoss
  • Spawn Location: 5:00

Event: ESL SC2 Masters 2023 Winter (Regional)

VOD

Have the link to the VOD?

Description

Time

  • Played on: Nov. 17, 2023, 10:13 a.m.
  • Length: 11:51

All games in this series

Show
View Real Time Build Order
Export as new Build Order

Krystianer Protoss 

Build Orders: Blink Stalkers 

Get SALT Encoding   

  12  0:00  Probe  
  13  0:12  Probe  
  14  0:17  Pylon  
  14  0:24  Probe (Chrono Boost)  
  16  0:37  Probe (Chrono Boost)  
  16  0:38  Gateway  
  16  0:42  Probe (Chrono Boost)  
  16  0:45  Assimilator  
  17  0:51  Probe  
  17  0:53  Assimilator  
  18  1:03  Probe (Chrono Boost)  
  19  1:06  Gateway  
  19  1:12  Probe (Chrono Boost)  
  19  1:17  Probe (Chrono Boost)  
  20  1:25  Cybernetics Core  
  21  1:29  Probe  
  22  1:34  Pylon  
  22  1:41  Probe  
  24  2:01  Warp Gate, Stalker x2  
  27  2:13  Probe  
  27  2:15  Pylon  
  28  2:24  Twilight Council  
  28  2:33  Stalker  
  28  2:36  Stalker  
  32  2:44  Pylon  
  32  2:54  Blink (Chrono Boost)  
  32  3:03  Shield Battery  
  32  3:09  Gateway  
  32  3:16  Stalker  
  34  3:26  Gateway  
  33  3:50  Stalker  
  33  3:58  Probe  
  33  4:02  Stalker  
  36  4:08  Stalker  
  38  4:16  Stalker  
  40  4:21  Pylon  
  40  4:24  Stalker  
  42  4:32  Stalker  
  44  4:51  Stalker  
  47  5:05  Stalker  
  48  5:10  Stalker  
  50  5:19  Pylon  
  50  5:25  Stalker  
  52  5:32  Stalker  
  50  5:55  Stalker x2  
  50  5:56  Stalker  
  48  6:12  Stalker  
  50  6:19  Stalker  
  50  6:20  Stalker  
  54  6:29  Stalker  
  56  6:41  Stalker  
  58  6:54  Stalker x2  
  62  7:22  Adept  
  62  7:34  Stalker  
  62  7:45  Pylon  
  60  8:07  Stalker x4  
  50  8:34  Stalker x3  
  54  8:45  Stalker  
  56  9:01  Stalker x2  
  60  9:05  Stalker  
  62  9:19  Stalker  
  64  9:28  Stalker  
  66  9:42  Stalker  
  56  10:03  Stalker x2  
  60  10:16  Stalker  
  60  10:27  Sentry  
  62  10:58  Stalker x3  
  58  11:12  Stalker  
  48  11:38  Stalker x2  
Show
View Real Time Build Order
Export as new Build Order

MaxPax Protoss - Winner!

Build Orders: Oracle Opening, Proxy Void Ray 

Get SALT Encoding   

  12  0:00  Probe  
  13  0:12  Probe  
  14  0:16  Pylon  
  14  0:24  Probe (Chrono Boost)  
  15  0:36  Gateway, Probe (Chrono Boost)  
  16  0:44  Probe (Chrono Boost)  
  16  0:45  Assimilator  
  17  0:50  Probe  
  17  0:54  Assimilator  
  18  1:03  Probe (Chrono Boost)  
  19  1:05  Pylon  
  19  1:13  Probe (Chrono Boost)  
  19  1:18  Probe (Chrono Boost)  
  20  1:23  Cybernetics Core  
  21  1:29  Probe  
  21  1:31  Zealot  
  24  1:41  Probe  
  25  1:53  Probe  
  26  1:59  Stargate  
  26  2:00  Adept  
  28  2:09  Warp Gate  
  28  2:25  Nexus  
  28  2:30  Pylon  
  28  2:38  Stalker  
  30  2:45  Oracle (Chrono Boost)  
  33  2:56  Shield Battery  
  33  2:58  Probe  
  32  3:11  Probe  
  33  3:19  Void Ray (Chrono Boost)  
  37  3:25  Gateway  
  37  3:27  Probe  
  38  3:40  Shield Battery  
  38  3:53  Void Ray (Chrono Boost)  
  42  3:57  Probe  
  42  3:58  Stalker  
  45  4:07  Shield Battery  
  45  4:21  Pylon  
  49  4:26  Void Ray (Chrono Boost)  
  49  4:27  Stalker  
  49  4:31  Probe  
  52  4:37  Probe  
  53  4:44  Stalker  
  55  4:50  Probe  
  55  4:52  Assimilator  
  56  4:59  Shield Battery  
  56  5:04  Pylon  
  60  5:10  Void Ray (Chrono Boost)  
  61  5:16  Stalker  
  62  5:22  Pylon, Probe x2  
  62  5:26  Stalker  
  66  5:37  Pylon  
  62  5:50  Void Ray (Chrono Boost)  
  56  5:58  Stalker x2  
  56  6:00  Probe  
  56  6:01  Probe  
  62  6:13  Probe  
  62  6:14  Shield Battery  
  63  6:22  Stalker  
  65  6:26  Stalker  
  65  6:32  Probe  
  71  6:33  Void Ray (Chrono Boost)  
  71  6:42  Pylon  
  71  6:44  Probe  
  71  6:46  Stalker  
  72  6:55  Stalker  
  74  7:05  Probe x2  
  74  7:07  Void Ray (Chrono Boost)  
  78  7:11  Stalker  
  80  7:17  Probe  
  80  7:20  Stalker  
  81  7:23  Shield Battery  
  80  7:30  Gateway  
  78  7:40  Stalker  
  78  7:42  Probe  
  78  7:43  Void Ray (Chrono Boost), Probe  
  84  7:48  Stalker  
  86  7:54  Probe  
  87  8:03  Assimilator  
  85  8:05  Stalker  
  85  8:06  Probe  
  85  8:12  Robotics Facility  
  89  8:13  Stalker  
  89  8:14  Probe  
  72  8:27  Probe x2  
  72  8:33  Stalker  
  77  8:35  Void Ray  
  77  8:38  Stalker  
  79  8:53  Gateway  
  79  8:56  Immortal (Chrono Boost)  
  79  8:57  Sentry  
  83  9:04  Stalker  
  85  9:23  Twilight Council  
  83  9:26  Stalker  
  85  9:31  Observer  
  85  9:33  Stalker  
  86  9:49  Stalker  
  86  9:51  Immortal (Chrono Boost), Stalker  
  78  10:05  Stalker  
  76  10:22  Immortal (Chrono Boost)  
  76  10:28  Stalker  
  82  10:29  Pylon  
  82  10:30  Stalker  
  82  10:31  Gateway  
  82  10:38  Stalker  
  82  10:39  Nexus  
  82  10:56  Stalker x2  
  81  10:59  Probe x2  
  81  11:03  Immortal (Chrono Boost)  
  80  11:14  Stalker  
  80  11:20  Stalker  
  80  11:24  Stalker  
  77  11:42  Stalker  
Tags
 
Add a new tag
Caveats
  • Supply blocks, unpowered buildings, or Contaminate may cause inaccurate times.
  • Supply counts are checked every 10 seconds.